 Dungeon Crawl Stone Soup version 0.22-a0-161-g198051c (webtiles) character file.

198 wolfsongas the Ruffian (level 5, 0/37 HPs)
             Began as an Octopode Fighter on Feb 10, 2018.
             Slain by a sky beast (5 damage)
             ... on level 3 of the Dungeon.
             The game lasted 00:02:24 (1982 turns).

wolfsongas the Ruffian (Octopode Fighter)           Turns: 1982, Time: 00:02:24

Health: 0/37       AC:  1    Str: 22    XL:     5   Next: 76%
Magic:  5/5        EV: 11    Int: 10    God:
Gold:   143        SH:  9    Dex: 11    Spells: 4/4 levels left

rFire    . . .     SeeInvis .     - Unarmed
rCold    . . .     Gourm    .   a - +0 shield
rNeg     . . .     Faith    .   (helmet restricted)
rPois    .         Spirit   .   (no amulet)
rElec    .         Reflect  .   (no ring)
rCorr    .         Harm     .   (no ring)
MR       .....                  (no ring)
Stlth    ++........             (no ring)
HPRegen  0.12/turn              (no ring)
MPRegen  0.09/turn              (no ring)
                                (no ring)
                                (no ring)

@: mighty
A: almost no armour, stealthy swim, amphibious, 8 rings, constrict 8, camouflage
1, gelatinous body 1
a: no special abilities


You were on level 3 of the Dungeon.
You were not hungry.

You visited 1 branch of the dungeon, and saw 3 of its levels.

You collected 143 gold pieces.

Inventory:

Armour
 a - a +0 shield (worn)
Scrolls
 d - 2 scrolls of teleportation {unknown}
 e - a scroll of blinking {unknown}
 g - a scroll of remove curse {unknown}
 m - a scroll of identify {unknown}
Potions
 b - a potion of might
 f - a potion of degeneration {unknown}
 h - a potion of haste {unknown}
 i - a potion of agility {unknown}
 j - a potion of cancellation {unknown}
 k - a potion of flight {unknown}
 l - a potion of curing {unknown}
 n - a potion of mutation {unknown}
Comestibles
 c - 4 rations
 o - a chunk of flesh


   Skills:
 + Level 4.3 Fighting
 - Level 3.0 Dodging
 - Level 3.0 Shields
 * Level 4.9 Unarmed Combat


You had 4 spell levels left.
You didn't know any spells.

Dungeon Overview and Level Annotations

Branches:
Dungeon (3/15)

Altars:
Kikubaaqudgha


Innate Abilities, Weirdness & Mutations

You cannot wear most types of armour.
You are very stealthy in the water. (Stealth+)
You are amphibious.
You can wear up to eight rings at the same time.
You can use your tentacles to constrict eight enemies at once.
Your skin changes colour to match your surroundings (Stealth+).
Your rubbery body absorbs attacks. (AC +1, EV +1)


Message History

The sky beast is heavily wounded.
The sky beast barely misses you.
You feel very mighty all of a sudden.
The goblin shouts!
You block the sky beast's attack.
You miss the sky beast.
Your tentacle-slap misses the sky beast.
Your squeeze misses the sky beast.
The sky beast is heavily wounded.
The sky beast flickers out of sight!
Deactivating autopickup; reactivate with Ctrl-A.
Something hits you. Something shocks you.
* * * LOW HITPOINT WARNING * * *
A worm comes into view.
You tentacle-slap something. Your squeeze misses something.
You block something's attack.
You miss something. Something hits you.
* * * LOW HITPOINT WARNING * * *
Something shocks you.
You die...

...####.....#..######..###
.)...##..#..##># #..#
#.##.........#.# ...#
#.######..##.#.# .[.# #.##
#.###.#.# .... #..# ##.#
#...# #.#.. ##.# #..#
##..# ..... #.## #.##
#..###..(... #..# #.#
##..@{g...w. ##.# #.#
#.###.#....
###.###.######.# .. .
................ ...
###.#...#####... ...
#...### ##### .. ##..# .
####


You could see a worm and a goblin.

Vanquished Creatures
  A howler monkey (D:2)
  A crimson imp (D:2)
  4 gnolls (D:2)
  3 adders (D:2)
  3 dart slugs
  3 leopard geckos
  7 bats
  2 bat zombies (D:3)
  7 goblins
  4 hobgoblins
  2 jackals
  3 quokkas
  4 frilled lizards (D:2)
  4 kobolds
  8 rats
56 creatures vanquished.

Notes
Turn   | Place    | Note
-------+----------+-------------------------------------------
     0 | D:1      | wolfsongas the Octopode Fighter began the quest for the Orb.
     0 | D:1      | Reached XP level 1. HP: 16/16 MP: 1/1
    94 | D:1      | Reached XP level 2. HP: 21/21 MP: 2/2
   389 | D:1      | Reached XP level 3. HP: 26/26 MP: 3/3
   653 | D:2      | Reached XP level 4. HP: 31/33 MP: 4/4
   746 | D:2      | Reached XP level 5. HP: 33/37 MP: 5/5
  1849 | D:3      | Found an ancient bone altar of Kikubaaqudgha.
  1970 | D:3      | Noticed a sky beast
  1982 | D:3      | Slain by a sky beast

Vault maps used:
D:1:      dpeg_arrival_tiny_f, kennysheep_nondescript, minmay_surrounded
D:2:      first_ration
D:3:      lemuel_zombie_altar_kikubaaqudgha

Skill      XL: |  1  2  3  4 |
---------------+-------------+-----
Unarmed Combat | 3 4 |  4.9
Fighting       | 4 |  4.3
Dodging        | |  3.0
Shields        | |  3.0

Action                   |  1- 3 |  4- 6 || total
-------------------------+-------+-------++-------
Melee: Unarmed           |    56 |    69 ||   125
       Constrict         |    15 |    15 ||    30
       Tentacles         |     9 |    13 ||    22
       Punch             |     3 |     1 ||     4
  Use: Potion            |       |     1 ||     1
 Stab: Sleeping          |     4 |     1 ||     5
       Distracted        |       |     1 ||     1
  Eat: Ration            |       |     1 ||     1
Armor: Skin              |     6 |     6 ||    12
Dodge: Dodged            |    25 |    17 ||    42
Block: Shield            |    22 |    20 ||    42

Table legend:
 A = Spawn XP
 B = Non-spawn XP
 C = Spawn XP percentage of total XP
 D = Spawn monster count
 E = Non-spawn monster count
 F = Spawn count percentage of total count
 G = Total turns spent on level
                    A         B        C        D         E        F      G
               +---------+---------+-------+---------+---------+-------+---------
         Total |       0 |     283 |   0.0 |       0 |      56 |   0.0 |  1982
               +---------+---------+-------+---------+---------+-------+---------
           D:1 |       0 |      39 |   0.0 |       0 |      21 |   0.0 |   607
           D:2 |       0 |     232 |   0.0 |       0 |      28 |   0.0 |  1207
           D:3 |       0 |      12 |   0.0 |       0 |       7 |   0.0 |   168
               +---------+---------+-------+---------+---------+-------+---------
